 Dungeon Crawl Stone Soup version 0.26.1-2-gb8aa6d0cf2 (webtiles) character file.

Game seed: 32282584233236451

620 tardwrangler69 the Chopper (level 7, 0/61 HPs)
             Began as a Minotaur Fighter on Mar 28, 2021.
             Killed from afar by an orc wizard (1 damage)
             ... with a magic dart
             ... on level 5 of the Dungeon.
             The game lasted 00:03:40 (4315 turns).

tardwrangler69 the Chopper (Minotaur Fighter)       Turns: 4315, Time: 00:03:42

Health: 0/61       AC:  7    Str: 25 (28) XL:     7   Next: 22%
Magic:  6/6        EV:  9    Int:  2 (5)  God:
Gold:   276        SH:  9    Dex:  9 (10) Spells: 6/6 levels left

rFire    . . .     SeeInvis .   a - +0 war axe
rCold    . . .     Faith    .   c - +0 kite shield
rNeg     . . .     Spirit   .   b - +0 scale mail
rPois    .         Reflect  .   (helmet restricted)
rElec    .         Harm     .   (no cloak)
rCorr    .         Rampage  .   (no gloves)
Will     .....                  (no boots)
Stlth    ..........             (no amulet)
HPRegen  0.20/turn              u - +6 ring of strength
MPRegen  0.10/turn              (no ring)

@: slowed, very slow
A: retaliatory headbutt, horns 2
a: no special abilities


You were on level 5 of the Dungeon.
You visited 1 branch of the dungeon, and saw 5 of its levels.

You collected 276 gold pieces.

Inventory:

Hand Weapons
 a - a +0 war axe (weapon)
Armour
 b - a +0 scale mail (worn)
 c - a +0 kite shield (worn)
Jewellery
 u - a +6 ring of strength (left hand)
Scrolls
 h - 6 scrolls of identify {unknown}
 i - 2 scrolls of enchant armour {unknown}
 j - a scroll of noise {unknown}
 k - 3 scrolls of teleportation {unknown}
 m - 2 scrolls of remove curse {unknown}
 n - 2 scrolls of magic mapping {unknown}
 o - 2 scrolls of amnesia {unknown}
 p - a scroll of fog {unknown}
 r - 2 scrolls of enchant weapon {unknown}
 t - a scroll of blinking {unknown}
Potions
 d - 2 potions of might
 e - a potion of flight
 g - a potion of magic {unknown}
 l - 2 potions of degeneration
 q - a potion of mutation {unknown}
 s - 2 potions of attraction {unknown}
 v - a potion of heal wounds {unknown}


   Skills:
 + Level 5.5 Fighting
 * Level 6.4 Axes
 + Level 5.4 Armour
 + Level 3.5 Dodging
 - Level 3.6 Shields


You had 6 spell levels left.
You didn't know any spells.
Your spell library was empty.

Dungeon Overview and Level Annotations

Branches:
Dungeon (5/15)
 Temple: D:4-7

Altars:
Fedhas
Yredelemnul

Shops:
D:4 =

Annotations:
D:3 3 runed translucent doors, monstrium's ghost, amateur HaFi


Innate Abilities, Weirdness & Mutations

You reflexively headbutt those who attack you in melee.
You have a pair of horns on your head.


Message History

The orc wizard points at you and mumbles some strange words.
The magic dart hits you.
* * * LOW HITPOINT WARNING * * *
You block the orc wizard's attack. The orc barely misses you.
The orc wizard hits you but does no damage.
The orc hits you from afar with a +0 trident.
* * * LOW HITPOINT WARNING * * *
It was a potion of degeneration.
There was something very wrong with that liquid.
You feel weakened.
You feel dopey.
You feel clumsy.
The orc wizard points at you and mumbles some strange words.
The magic dart hits you.
* * * LOW HITPOINT WARNING * * *
The orc wizard points at you and mumbles some strange words.
The magic dart hits you.
* * * LOW HITPOINT WARNING * * *
The orc barely misses you.
The orc wizard gestures at you while chanting.
The magic dart hits you.
You die...

###.............#
..........#####.### ##
#.#..###..# #.#.. ...
..#...##..#####.#.###.##
#.#†#.##..#.....#.#....#
###.#..#..#.#####..≈.≈ ≈
....##.#..#.# ..≈ .≈.
..........#.#####)#.≈_..
#######.#.#.#..o@)o.≈.≈.
#.........#.#.###)#...≈.
#.#####...#.......# ..#
##..###.##### # #..#
#.....)). ##.# #..######
#># #..# ### #..# ....


You could see an orc wizard (fast) and an orc.

Vanquished Creatures
  2 ogres (D:4)
  A howler monkey (D:2)
  An orc priest (D:5)
  A hound (D:4)
  An orc wizard (D:3)
  A centaur skeleton (D:4)
  4 worker ants
  A gnoll (D:1)
  10 adders
  2 oozes
  3 worms (D:2)
  2 dart slugs
  3 leopard geckos
  12 orcs
  3 ball pythons
  3 giant cockroaches
  6 hobgoblins
  7 jackals (D:1)
  7 kobolds
  A quokka (D:4)
  A ball python skeleton (D:5)
  8 bats
  4 frilled lizards
  2 goblins
  A leopard gecko skeleton (D:2)
  6 rats
  A spectral orc (D:3)
94 creatures vanquished.

Notes
Turn   | Place    | Note
-------+----------+-------------------------------------------
     0 | D:1      | tardwrangler69 the Minotaur Fighter began the quest for the
                  | Orb.
     0 | D:1      | Reached XP level 1. HP: 19/19 MP: 0/0
   522 | D:1      | Reached XP level 2. HP: 27/27 MP: 1/1
   572 | D:1      | Reached skill level 3 in Axes
   659 | D:1      | Reached skill level 1 in Dodging
   782 | D:1      | Reached XP level 3. HP: 21/33 MP: 2/2
  1016 | D:2      | Reached XP level 4. HP: 40/40 MP: 3/3
  1278 | D:2      | Reached skill level 4 in Axes
  2198 | D:3      | Found a runed translucent gate.
  2198 | D:3      | Found a runed translucent gate.
  2198 | D:3      | Found a runed translucent gate.
  2199 | D:3      | Identified the +2 dagger "Vabam" {chaos, *Rage Dex+3
                  | Stlth+}
  2199 | D:3      | Noticed a big kobold
  2200 | D:3      | Noticed monstrium's ghost (amateur HaFi)
  2299 | D:3      | Reached XP level 5. HP: 47/47 MP: 4/4
  2597 | D:3      | Found a basalt altar of Yredelemnul.
  3185 | D:4      | Reached skill level 5 in Axes
  3351 | D:4      | Noticed an ogre
  3362 | D:4      | Killed an ogre
  3363 | D:4      | Reached skill level 5 in Fighting
  3363 | D:4      | Reached skill level 5 in Armour
  3363 | D:4      | Reached XP level 6. HP: 33/56 MP: 5/5
  3728 | D:4      | Reached skill level 6 in Axes
  3863 | D:4      | Found Biuzet's Jewellery Emporium.
  3870 | D:4      | Reached XP level 7. HP: 61/61 MP: 6/6
  3991 | D:5      | Entered Level 5 of the Dungeon
  4298 | D:5      | Found a blossoming altar of Fedhas.
  4315 | D:5      | HP: 1/61 [orc wizard/magic dart (4)]
  4315 | D:5      | Killed from afar by an orc wizard

Illustrated notes

Levels and vault maps discovered:
D:1:      saegor_arrival_miasma, layout_basic, minmay_misc_feat_hallway
D:2:      layout_basic
D:3:      layout_basic, yredelemnul_forgotten_temple_becter,
          gammafunk_ghost_nasty_kobolds
D:4:      layout_cave_pools, serial_shops, shop
D:5:      layout_basic, tso_metal_star, gammafunk_ghost_grave, fedhas_altar_2

Skill      XL: |  1  2  3  4  5  6 |
---------------+-------------------+-----
Axes           | 3 4 5 6 |  6.4
Dodging        | 1 2 3 |  3.5
Fighting       | 4 5 |  5.5
Armour         | 4 5 |  5.4
Shields        | |  3.6

Action                   |  1- 3 |  4- 6 |  7- 9 || total
-------------------------+-------+-------+-------++-------
Melee: War axe           |    48 |   148 |    37 ||   233
       Headbutt          |     8 |    19 |     6 ||    33
  Use: Potion            |       |     2 |     2 ||     4
Armor: Scale mail        |    26 |    54 |    16 ||    96
Dodge: Dodged            |    20 |    43 |    26 ||    89
Block: Kite shield       |    28 |    77 |    29 ||   134
